 Dungeon Crawl Stone Soup version 0.18.1-48-g4cf74bf (console) character file.

79 Kloppie the Slasher (level 4, -4/35 HPs)
             Began as a Demonspawn Fighter on June 26, 2016.
             Slain by Sigmund
             ... wielding a +0 scythe
              (6 damage)
             ... on level 3 of the Dungeon.
             The game lasted 00:02:00 (1593 turns).

Kloppie the Slasher (Demonspawn Fighter)            Turns: 1593, Time: 00:02:01

Health: -4/35      AC:  6    Str: 21    XL:     4   Next: 17%
Magic:  4/4        EV:  7    Int:  9    God:
Gold:   74         SH:  9    Dex: 14    Spells: 0 memorised, 3 levels left

rFire  . . .     SeeInvis .     a - +0 long sword
rCold  + . .     Gourm    .     b - +0 scale mail
rNeg   . . .     Faith    .     c - +0 shield
rPois  .         Spirit   .     (no helmet)
rElec  .         Dismiss  .     (no cloak)
rCorr  .         Reflect  .     (no gloves)
SustAt .         Harm     .     (no boots)
MR     .....                    (no amulet)
Stlth  ..........               (no ring)
                                (no ring)

@: mighty, lethally poisoned (-4 -> -6), not resistant to hostile enchantments,
extremely unstealthy
A: cold resistance 1
a: no special abilities


You were on level 3 of the Dungeon.
You were hungry.

You visited 1 branch of the dungeon, and saw 3 of its levels.

You collected 74 gold pieces.

Inventory:

Hand Weapons
 a - a +0 long sword (weapon)
Armour
 b - a +0 scale mail (worn)
 c - a +0 shield (worn)
Scrolls
 j - a scroll of magic mapping {unknown}
 l - 4 scrolls of identify {unknown}
 n - a scroll of fear {unknown}
Potions
 e - a potion of cancellation {unknown}
 g - a potion of lignification {unknown}
 h - a potion of curing {unknown}
 k - a potion of flight {unknown}
 m - 2 potions of heal wounds {unknown}
Comestibles
 f - 3 bread rations
 i - a slice of pizza
 o - 5 chunks of flesh
 p - a meat ration


   Skills:
 - Level 3.0 Fighting
 + Level 4.0 Long Blades
 - Level 2.6 Armour
 - Level 2.6 Shields


You had 3 spell levels left.
You didn't know any spells.

Dungeon Overview and Level Annotations

Branches:
Dungeon (3/15)

Altars:
Elyvilon

Annotations:
D:3 Sigmund


Innate Abilities, Weirdness & Mutations

Your flesh is cold resistant.


Message History

You slash the adder!
You kill the adder!
Your Long Blades skill increases to level 4!
You feel sick.
You closely miss the hobgoblin. The hobgoblin hits you.
* * * LOW HITPOINT WARNING * * *
Something hits you but does no damage. You block the hobgoblin's attack.
You slash the hobgoblin!
You kill the hobgoblin!
You feel sick. Something hits you.
* * * LOW HITPOINT WARNING * * *
Things that are here:
a hobgoblin corpse; an adder corpse You closely miss something.
Something hits you but does no damage.
You slash something!
* * * LOW HITPOINT WARNING * * *
You feel sick. Something hits you but does no damage.
You closely miss something. You block something's attack.
You barely miss something. Something hits you.
You die...

######.#.# ......?..#
#....# #....# #.!..# ..
#....# .###.l..#
..###'### ##########
####.# #@# #........#
#....# #.# #........#
#....###'### #........#
#..........# #........#
#..........####........#
#..........##..........#
#####..#.####......#####
##.#.# #......# #...#
#..)...##


You could see a giant gecko.

Vanquished Creatures
  3 adders
  3 dart slugs (D:1)
  A giant cockroach (D:1)
  5 goblins
  6 hobgoblins
  7 jackals (D:2)
  5 kobolds
  9 bats
  A giant newt (D:2)
  2 rats
42 creatures vanquished.

Notes
Turn   | Place    | Note
--------------------------------------------------------------
     0 | D:1      | Kloppie the Demonspawn Fighter began the quest for the Orb.
     0 | D:1      | Reached XP level 1. HP: 18/18 MP: 1/1
    12 | D:1      | Reached skill level 2 in Long Blades
   122 | D:1      | Gained mutation: Your flesh is cold resistant. [demonic ancestry]
   122 | D:1      | Reached XP level 2. HP: 23/24 MP: 2/2
   243 | D:1      | Reached skill level 3 in Long Blades
   370 | D:1      | Reached XP level 3. HP: 29/29 MP: 3/3
   549 | D:2      | Found a white marble altar of Elyvilon.
   689 | D:2      | Found a faded altar to an unknown god.
  1531 | D:3      | Reached XP level 4. HP: 24/35 MP: 4/4
  1564 | D:3      | Noticed Sigmund
  1586 | D:3      | Reached skill level 4 in Long Blades
  1593 | D:3      | Slain by Sigmund

Skill      XL: |  1  2  3  4 |
---------------+-------------+-----
Long Blades    | 2 3 4 |  4.0
Fighting       | |  3.0
Armour         | |  2.6
Shields        | |  2.6

Action                   |  1- 3 |  4- 6 || total
-------------------------+-------+-------++-------
Melee: Long sword        |   127 |    22 ||   149
  Use: Potion            |       |     1 ||     1
  Eat: Chunk             |     2 |       ||     2
Armor: Scale mail        |    85 |    17 ||   102
Dodge: Dodged            |    37 |     6 ||    43
Block: Shield            |    65 |    10 ||    75
